 Dungeon Crawl Stone Soup version 0.23-a0-356-g1757c6e (webtiles) character file.

724 Avack the Changer (level 7, -2/32 HPs)
             Began as a Vine Stalker Transmuter on Oct 21, 2018.
             Was an Initiate of Wu Jian.
             Slain by a sky beast (5 damage)
             ... on level 5 of the Dungeon.
             The game lasted 00:13:50 (5830 turns).

Avack the Changer (Vine Stalker Transmuter)         Turns: 5830, Time: 00:13:51

Health: -2/32      AC:  7    Str: 12    XL:     7   Next: 71%
Magic:  0/11       EV:  9    Int: 13    God:    Wu Jian [......]
Gold:   210        SH:  0    Dex: 17    Spells: 4/10 levels left

rFire    . . .     SeeInvis .   (no weapon)
rCold    . . .     Gourm    .   (no shield)
rNeg     . . .     Faith    .   f - +0 ring mail
rPois    .         Spirit   +   (no helmet)
rElec    .         Reflect  .   (no cloak)
rCorr    .         Harm     .   m - +1 pair of gloves
MR       .....                  (no boots)
Stlth    +.........             (no amulet)
HPRegen  0.50/turn              (no ring)
MPRegen  0.12/turn              (no ring)

@: very heavily drained
A: fangs 2, regeneration 1, magic shield, antimagic bite, no potion heal 3, rot
immunity
a: Renounce Religion


You were on level 5 of the Dungeon.
You worshipped Wu Jian.
Wu Jian was noncommittal.
You were near starving.

You visited 2 branches of the dungeon, and saw 7 of its levels.

You collected 210 gold pieces.

Inventory:

Missiles
 a - 37 arrows
 c - 207 stones (quivered)
Armour
 b - a +0 robe
 f - a +0 ring mail (worn)
 m - a +1 pair of gloves (worn)
Jewellery
 n - an uncursed ring of ice
Scrolls
 e - 2 scrolls of enchant armour {unknown}
 g - 2 scrolls of remove curse
 i - a scroll of blinking {unknown}
 j - 2 scrolls of immolation
 k - a scroll of teleportation
 p - a scroll of amnesia {unknown}
Potions
 l - 2 potions of mutation
 o - a potion of might
 r - a potion of invisibility
 s - a potion of brilliance
Comestibles
 d - 12 rations


   Skills:
 - Level 0.8(0.0) Fighting
 + Level 2.2(0.0) Armour
 - Level 1.5(0.0) Dodging
 - Level 3.0(0.0) Unarmed Combat
 - Level 2.1(0.0) Spellcasting
 + Level 7.5(4.1) Transmutations
 - Level 2.1(0.0) Poison Magic


You had 4 spell levels left.
You knew the following spells:

 Your Spells              Type           Power        Failure   Level  Hunger
a - Beastly Appendage     Tmut           ##....       13%         1    ##.....
b - Sticks to Snakes      Tmut           ##......     21%         2    ###....
c - Spider Form           Tmut/Pois      #.........   67%         3    ####...

Your spell library contained the following spells:

 Spells                   Type           Power        Failure   Level  Hunger
 Ice Form                 Ice/Tmut       #.......     97%         4    #####..
 Blade Hands              Tmut           ##........   98%         5    ######.


Dungeon Overview and Level Annotations

Branches:
Dungeon (6/15)             Temple (1/1) D:4

Altars:
Ashenzari
Cheibriados
Dithmenos
Elyvilon
Fedhas
Gozag
Hepliaklqana
Kikubaaqudgha
Makhleb
Nemelex Xobeh
Okawaru
Qazlal
Ru
Sif Muna
Trog
Uskayaw
Vehumet
Wu Jian
Xom
Yredelemnul
Zin
The Shining One

Shops:
D:5 (


Innate Abilities, Weirdness & Mutations

You have extremely sharp teeth.
Your natural rate of healing is unusually fast.
When hurt, damage is shared between your health and your magic reserves.
Your bite disrupts and absorbs the magic of your enemies.
Potions cannot restore your health.
You are immune to rotting.


Message History

Something hits you but does no damage.
You miss something.
A sky beast appears from thin air!
Reactivating autopickup.
The sky beast hits you but does no damage.
You barely miss the sky beast.
The sky beast is heavily wounded.
The sky beast flickers out of sight!
Deactivating autopickup; reactivate with Ctrl-A.
Something hits you. Something shocks you.
You hit something but do no damage. Your bite misses something.
Something hits you. Something shocks you.
* * * LOW HITPOINT WARNING * * *
You miss something. You bite something. Something hits you.
* * * LOW HITPOINT WARNING * * *
Something shocks you.
* * * LOW HITPOINT WARNING * * *
Something hits you.
* * * LOW HITPOINT WARNING * * *
Something shocks you.
You die...

############ #..........#
#.########.# ### #.# #@#
..#####.########.#
..##..........##.#
..##.....∩....##.#
..##..........##.#
####...Y......##.#
..............##.###########
..............##...........#
####..........############.#


There were no monsters in sight!

Vanquished Creatures
  A sky beast (D:5)
  A phantom (D:4)
  A bullfrog (D:5)
  A howler monkey (D:5)
  A crimson imp (D:3)
  An orc wizard (D:5)
  A hound zombie (D:5)
  4 adders
  2 gnolls
  3 oozes
  6 worms
  2 dart slugs (D:1)
  4 leopard geckos
  6 orcs
  3 ball pythons
  5 giant cockroaches
  7 goblins
  5 hobgoblins
  6 jackals (D:4)
  8 kobolds
  8 bats
  2 frilled lizards
  A leopard gecko skeleton (D:5)
  8 rats
87 creatures vanquished.

Vanquished Creatures (collateral kills)
  An ogre (D:4)
  A centaur (D:5)
  A scorpion (D:4)
  2 worker ants (D:4)
  2 gnolls (D:4)
  A worm (D:3)
  4 orcs
  A jackal (D:4)
13 creatures vanquished.

Grand Total: 100 creatures vanquished

Notes
Turn   | Place    | Note
-------+----------+-------------------------------------------
     0 | D:1      | Avack the Vine Stalker Transmuter began the quest for the
                  | Orb.
     0 | D:1      | Reached XP level 1. HP: 9/9 MP: 4/4
   451 | D:1      | Reached XP level 2. HP: 14/14 MP: 6/6
   455 | D:1      | Learned a level 2 spell: Sticks to Snakes
   578 | D:1      | Reached skill level 3 in Transmutations
   885 | D:1      | Reached XP level 3. HP: 17/17 MP: 7/7
  1333 | D:1      | Learned a level 3 spell: Spider Form
  2025 | D:2      | Reached skill level 4 in Transmutations
  2052 | D:2      | Gained mutation: Your natural rate of healing is unusually
                  | fast. [Vine Stalker growth]
  2052 | D:2      | Reached XP level 4. HP: 10/21 MP: 5/8
  2478 | D:3      | Found a sparkling altar of Nemelex Xobeh.
  2868 | D:3      | Reached skill level 5 in Transmutations
  2868 | D:3      | Reached XP level 5. HP: 25/25 MP: 9/9
  3133 | D:3      | Found a shadowy altar of Dithmenos.
  3385 | D:4      | Noticed a phantom
  3971 | D:4      | Found a staircase to the Ecumenical Temple.
  3982 | Temple   | Entered the Ecumenical Temple
  4102 | Temple   | Became a worshipper of the Wu Jian Council
  4157 | D:4      | Noticed an ogre
  4172 | D:4      | Reached skill level 6 in Transmutations
  4175 | D:4      | Killed an ogre
  4175 | D:4      | Reached XP level 6. HP: 18/29 MP: 8/10
  4427 | D:4      | Killed a phantom
  4427 | D:4      | Reached skill level 1 in Poison Magic
  4613 | D:5      | Entered Level 5 of the Dungeon
  4812 | D:5      | Reached XP level 7. HP: 31/32 MP: 9/11
  4993 | D:5      | Found a sacrificial altar of Ru.
  5223 | D:5      | Reached skill level 1 in Armour
  5223 | D:5      | Reached skill level 7 in Transmutations
  5515 | D:5      | Found Pusoum's Antique Weapon Boutique.
  5830 | D:5      | Slain by a sky beast

Vault maps used:
D:1:      dpeg_arrival_chase
D:3:      lemuel_coloured_pillars_altar, nemelex_dance_club_becter
D:4:      minmay_temple_entry_glassed_door, serial_bayou_pond_e
D:5:      first_ration, serial_shops, shop, fountainhead,
          nicolae_ru_the_path_less_chosen
Temple:   compressed_dpeg_circular_temple

Skill      XL: |  1  2  3  4  5  6  7 |
---------------+----------------------+-----
Transmutations | 3 4 5 6 7 |  7.5
Poison Magic   | 2 |  2.1
Armour         | 2 |  2.2
Fighting       | |  0.8
Dodging        | |  1.5
Unarmed Combat | |  3.0
Spellcasting   | |  2.1

Action                   |  1- 3 |  4- 6 |  7- 9 || total
-------------------------+-------+-------+-------++-------
Melee: Unarmed           |   121 |   231 |   120 ||   472
       Bite              |    30 |    75 |    39 ||   144
       Punch             |       |     8 |     1 ||     9
       Kick              |       |     3 |       ||     3
Throw: Stone             |       |     5 |       ||     5
 Cast: Sticks to Snakes  |     1 |    11 |     6 ||    18
       Beastly Appendage |       |     1 |       ||     1
Invok: Lunge             |       |     6 |     3 ||     9
  Use: Scroll            |       |     9 |     2 ||    11
 Stab: Sleeping          |     1 |       |       ||     1
  Eat: Chunk             |     2 |    12 |     2 ||    16
Armor: Robe              |    12 |       |       ||    12
       Ring mail         |    22 |    53 |    47 ||   122
Dodge: Dodged            |    87 |   119 |    44 ||   250

Table legend:
 A = Non-vault XP
 B = Vault XP
 C = Vault XP percentage of total XP
 D = Non-vault monster count
 E = Vault monster count
 F = Vault count percentage of total count
                 A         B        C        D         E       F
            +---------+---------+-------+---------+---------+-------
      Total |    1025 |      10 |   1.0 |      98 |       2 |   2.0
            +---------+---------+-------+---------+---------+-------
        D:1 |      63 |       0 |   0.0 |      28 |       0 |   0.0
        D:2 |      37 |       0 |   0.0 |      13 |       0 |   0.0
        D:3 |     104 |      10 |   8.8 |      22 |       2 |   8.3
        D:4 |     340 |       0 |   0.0 |      20 |       0 |   0.0
        D:5 |     481 |       0 |   0.0 |      15 |       0 |   0.0
            +---------+---------+-------+---------+---------+-------
